 Dungeon Crawl Stone Soup version 0.25-a0-21-ga5a8db46c7 (webtiles) character file.

Game seed: 10547851743260706095, levelgen mode: deterministic

8844 MalarOregon the Conjurer (level 11, -10/92 HPs)
             Began as a Grey Draconian Conjurer on Oct 16, 2019.
             Was a High Priest of Okawaru.
             Mangled by a five-headed hydra (12 damage)
             ... on level 1 of the Lair of Beasts.
             The game lasted 00:22:09 (12746 turns).

MalarOregon the Conjurer (Grey Draconian Conjurer) Turns: 12746, Time: 00:22:10

Health: -10/92     AC: 18    Str: 11    XL:     11   Next: 15%
Magic:  20/20      EV: 19    Int: 18    God:    Okawaru [*****.]
Gold:   207        SH: 10    Dex: 16    Spells: 21/22 levels left

rFire    . . .     SeeInvis .   H - +2 dagger (venom)
rCold    + . .     Gourm    .   a - +0 buckler
rNeg     . . .     Faith    .   (armour unavailable)
rPois    +         Spirit   .   n - +1 hat
rElec    .         Reflect  +   I - +1 cloak of Lies {rC+ Slay+2 Stlth+}
rCorr    .         Harm     .   m - +0 pair of gloves "Ronlaokk" {rPois Dex+4}
MR       .....                  (no boots)
Stlth    ++++......             K - +5 amulet of reflection
HPRegen  0.25/turn              g - +2 ring of protection
MPRegen  0.17/turn              q - +3 ring of evasion

@: about to teleport
A: walk through water, unfitting armour, unbreathing, cold-blooded, AC +12
a: Heroism, Finesse, Renounce Religion


You were on level 1 of the Lair of Beasts.
You worshipped Okawaru.
Okawaru was extremely pleased with you.
You were not hungry.

You visited 3 branches of the dungeon, and saw 12 of its levels.

You collected 705 gold pieces.
You spent 498 gold pieces at shops.

Inventory:

Hand Weapons
 H - a +2 dagger of venom (weapon)
   (You took it off an orc wizard on level 7 of the Dungeon)
Missiles
 j - 22 poisoned darts
 k - 2 atropa-tipped darts (quivered)
 Q - a throwing net {!f}
Armour
 a - a +0 buckler (worn)
   (You found it on level 4 of the Dungeon)
 m - the +0 pair of gloves "Ronlaokk" (worn) {rPois Dex+4}
   (You found it on level 4 of the Dungeon)

   It affects your dexterity (+4).
   It protects you from poison.
 n - a +1 hat (worn)
   (You found it on level 2 of the Dungeon)
 I - the +1 cloak of Lies (worn) {rC+ Slay+2 Stlth+}
   (You bought it in a shop on level 4 of the Dungeon)

   It affects your accuracy and damage with ranged weapons and melee attacks
   (+2).
   It protects you from cold.
   It makes you more stealthy.
Jewellery
 g - a +2 ring of protection (left hand)
   (You found it on level 1 of the Dungeon)
 q - a +3 ring of evasion (right hand)
   (You found it on level 3 of the Dungeon)
 s - an uncursed ring of positive energy
   (You found it on level 6 of the Dungeon)
 z - an uncursed ring of see invisible
   (You found it on level 1 of the Lair of Beasts)
 A - an uncursed amulet of guardian spirit {unknown}
   (You found it on level 7 of the Dungeon)
 K - a +5 amulet of reflection (around neck)
   (You took it off a hobgoblin on level 2 of the Dungeon)
Wands
 c - a wand of disintegration (11)
   (You found it on level 9 of the Dungeon)
 d - a wand of iceblast (20)
   (You found it on level 4 of the Dungeon)
 t - a wand of flame (26)
   (You found it on level 3 of the Dungeon)
 u - a wand of paralysis (7)
   (You took it off an orc wizard on level 10 of the Dungeon)
 x - a wand of acid (10)
   (You found it on level 8 of the Dungeon)
Scrolls
 f - 7 scrolls of teleportation {@r4}
 h - 3 scrolls of fear {unknown}
 i - 2 scrolls of amnesia {unknown}
 l - 3 scrolls of immolation {unknown}
 o - 3 scrolls of fog
 p - 8 scrolls of remove curse {@r2}
 r - a scroll of blinking {unknown}
 w - 3 scrolls of magic mapping {unknown}
 y - a scroll of enchant armour {unknown}
 D - a scroll of acquirement {unknown}
 L - a scroll of random uselessness {unknown}
 N - a scroll of identify {@r1}
Potions
 b - a potion of magic
 v - 2 potions of lignification {!q}
 B - 3 potions of agility
 C - 3 potions of curing {unknown}
 E - a potion of might
 F - a potion of heal wounds {@q2}
 G - 3 potions of mutation {!q}
 J - a potion of experience {unknown}
 M - 2 potions of haste {@q3}
 O - a potion of flight {unknown}
 P - a potion of brilliance {unknown}
Comestibles
 e - 24 rations {!d}


   Skills:
 + Level 7.2 Fighting
 + Level 5.2 Short Blades
 + Level 6.3 Dodging
 + Level 5.4 Stealth
 - Level 4.0 Shields
 + Level 6.3 Spellcasting
 + Level 7.7 Conjurations
 + Level 5.5 Invocations
 + Level 4.9 Evocations


You had 21 spell levels left.
You knew the following spells:

 Your Spells              Type           Power        Failure   Level  Hunger
a - Magic Dart            Conj           ####         1%          1    None

Your spell library contained the following spells:

 Spells                   Type           Power        Failure   Level  Hunger
 Searing Ray              Conj           ####..       1%          2    None
 Iskenderun's Mystic Bla  Conj           ####....     4%          4    ####...
 Dazzling Spray           Conj/Hex       ###...       7%          3    ##.....
 Corona                   Hex            #......      12%         1    None
 Ensorcelled Hibernation  Hex/Ice        #.....       17%         2    None
 Force Lance              Conj/Tloc      ###.....     24%         4    ####...
 Fulminant Prism          Conj/Hex       ###.......   24%         4    ####...
 Confuse                  Hex            #.......     34%         3    ##.....
 Tukima's Dance           Hex            #.......     34%         3    ##.....


Dungeon Overview and Level Annotations

Branches:
Dungeon (10/15)            Temple (1/1) D:7            Lair (1/6) D:9
    Orc (0/2) D:10

Altars:
Ashenzari
Cheibriados
Dithmenos
Elyvilon
Fedhas
Gozag
Hepliaklqana
Kikubaaqudgha
Makhleb
Nemelex Xobeh
Okawaru
Qazlal
Ru
Sif Muna
Trog
Uskayaw
Vehumet
Wu Jian
Xom
Yredelemnul
Zin
The Shining One

Shops:
D:4 ?[   D:10 %

Annotations:
D:9 2 transporters, highc0's ghost, journeyman HuWr
D:10 1 runed translucent door, Sphyrna's ghost, journeyman GrEE


Innate Abilities, Weirdness & Mutations

You can walk through water.
Your dull iron-grey scales are very hard. (AC +12)
You cannot fit into any form of body armour.
You can survive without breathing.
You are cold-blooded and may be slowed by cold attacks.


Message History

The five-headed hydra bites you.
* * * LOW HITPOINT WARNING * * *
The five-headed hydra bites you.
* * * LOW HITPOINT WARNING * * *
You block the five-headed hydra's attack.
Unknown command.
You hit the five-headed hydra. You hit the five-headed hydra.
You tail-slap the five-headed hydra, but do no damage.
You block the five-headed hydra's attack.
The five-headed hydra bites you but does no damage.
You block the five-headed hydra's attack.
The five-headed hydra misses you.
The five-headed hydra completely misses you.
You hit the five-headed hydra. You tail-slap the five-headed hydra.
The five-headed hydra misses you.
The five-headed hydra bites you but does no damage.
The five-headed hydra completely misses you. x2
The five-headed hydra bites you!
* * * LOW HITPOINT WARNING * * *
You completely miss the five-headed hydra.
You hit the five-headed hydra. You tail-slap the five-headed hydra.
You block the five-headed hydra's attack.
The five-headed hydra misses you. x2; The five-headed hydra bites you!
* * * LOW HITPOINT WARNING * * *
You block the five-headed hydra's attack.
Unknown command.
Unknown command.
The five-headed hydra bites you but does no damage.
The five-headed hydra bites you.
* * * LOW HITPOINT WARNING * * *
You block the five-headed hydra's attack.
The five-headed hydra bites you but does no damage.
The five-headed hydra bites you!
* * * LOW HITPOINT WARNING * * *
Aim: a five-headed hydra (lightly wounded, chance to defeat MR: 26%)
Okay, then.
Okay, then.
The five-headed hydra bites you but does no damage.
You block the five-headed hydra's attack.
The five-headed hydra misses you.
The five-headed hydra completely misses you.
The five-headed hydra bites you!
* * * LOW HITPOINT WARNING * * *
As you read the scroll of teleportation {@r4}, it crumbles to dust.
You feel strangely unstable.
You block the five-headed hydra's attack.
The five-headed hydra bites you but does no damage.
The five-headed hydra misses you. The five-headed hydra bites you!
You die...

#...............#####
##..............#
#..............#
##.............#
#........<.####
##........##
##....#### #.D###
#.@# ##.# ..# #..#
##.# #.. #.. ...


You could see a five-headed hydra.

Vanquished Creatures
  2 two-headed ogres
  Joseph (D:7)
  2 spiny frogs (Lair:1)
  2 trolls
  Grinder (D:6)
  A merfolk (D:10)
  2 hippogriffs
  Sigmund (D:2)
  8 yaks
  3 water moccasins
  Duvessa (D:7)
  A porcupine (Lair:1)
  2 phantoms
  An orc warrior (D:7)
  An eye of draining (D:5)
  3 ogres
  2 ice beasts
  3 wolves (Lair:1)
  3 centaurs
  5 bullfrogs
  A wyvern skeleton (D:9)
  A scorpion (D:10)
  Dowan (D:7)
  10 killer bees
  2 howler monkeys
  6 crimson imps
  A quasit (D:8)
  2 bullfrog zombies
  7 orc priests
  2 hounds
  2 orc wizards
  A centaur skeleton (D:8)
  4 bullfrog skeletons
  3 iguanas (D:5)
  A gnoll shaman (D:6)
  7 worker ants
  A killer bee zombie (D:10)
  A hound skeleton (D:4)
  A howler monkey zombie (D:3)
  12 gnolls
  12 adders
  An ooze (D:2)
  3 adder skeletons
  An adder zombie (D:5)
  3 worms (D:3)
  A dart slug (D:1)
  6 leopard geckos
  14 orcs
  5 giant cockroaches
  2 gnoll zombies (D:4)
  8 hobgoblins
  18 jackals
  6 kobolds
  6 quokkas
  11 bats
  3 frilled lizards
  A giant cockroach zombie (D:6)
  7 goblins
  A jackal skeleton (D:8)
  A quokka skeleton (D:4)
  5 rats
226 creatures vanquished.

Notes
Turn   | Place    | Note
-------+----------+-------------------------------------------
     0 | D:1      | MalarOregon the Draconian Conjurer began the quest for the
                  | Orb.
     0 | D:1      | Reached XP level 1. HP: 14/14 MP: 3/3
   187 | D:1      | Reached XP level 2. HP: 17/22 MP: 1/5
   336 | D:1      | Reached skill level 1 in Fighting
   915 | D:2      | Reached XP level 3. HP: 25/28 MP: 0/6
  1089 | D:2      | Found a sparkling altar of Nemelex Xobeh.
  1197 | D:2      | Found an iron altar of Okawaru.
  1199 | D:2      | Found a white marble altar of Elyvilon.
  1257 | D:2      | Reached XP level 4. HP: 29/36 MP: 1/7
  1401 | D:2      | HP: 1/36 [gnoll/+0 spear (4)]
  1799 | D:2      | You fall into a shaft and drop 2 floors!
  2062 | D:4      | Reached XP level 5. HP: 42/42 MP: 9/9
  2064 | D:4      | Found Ytiwk's Armour Shop.
  2117 | D:4      | Got a pair of slimy gloves
  2150 | D:4      | Identified the +0 pair of gloves "Ronlaokk" {rPois Dex+4}
                  | (You found it on level 4 of the Dungeon)
  2237 | D:4      | Found Rach's Magic Scroll Shoppe.
  2243 | D:4      | Bought a scroll of identify for 26 gold pieces
  2243 | D:4      | Bought a scroll of identify for 26 gold pieces
  2243 | D:4      | Bought a scroll of fog for 26 gold pieces
  2243 | D:4      | Bought a scroll of remove curse for 39 gold pieces
  2424 | D:4      | Found a basalt altar of Yredelemnul.
  3296 | D:3      | Reached skill level 1 in Shields
  3842 | D:2      | Noticed Sigmund
  3999 | D:2      | Killed Sigmund
  3999 | D:2      | Reached skill level 5 in Conjurations
  3999 | D:2      | Reached XP level 6. HP: 28/51 MP: 3/11
  4168 | D:2      | Found a faded altar of an unknown god.
  4257 | D:2      | Found a glowing golden altar of the Shining One.
  4671 | D:5      | Entered Level 5 of the Dungeon
  4932 | D:5      | Your scales start taking on a dull iron-grey colour.
  4932 | D:5      | Reached XP level 7. HP: 32/57 MP: 4/12
  4932 | D:5      | Gained mutation: You can survive without breathing. [Grey
                  | Draconian growth]
  5583 | D:2      | Became a worshipper of Warmaster Okawaru
  5873 | D:6      | Reached XP level 8. HP: 66/67 MP: 14/14
  5923 | D:6      | You fall into a shaft and drop 3 floors!
  6025 | D:9      | Reached skill level 1 in Short Blades
  6025 | D:9      | Reached skill level 1 in Invocations
  6025 | D:9      | Reached skill level 1 in Evocations
  6025 | D:9      | Reached * piety under Okawaru
  6278 | D:9      | Found a staircase to the Lair.
  6292 | D:9      | Found an opulent altar of Gozag.
  6381 | D:7      | Reached skill level 5 in Fighting
  6511 | D:7      | Reached XP level 9. HP: 64/74 MP: 16/16
  6579 | D:7      | Found a staircase to the Ecumenical Temple.
  6580 | D:7      | Noticed Joseph
  6587 | D:7      | Noticed Duvessa
  6589 | D:7      | Noticed Dowan
  6897 | D:6      | Reached ** piety under Okawaru
  7115 | D:6      | Noticed Grinder
  7123 | D:6      | Paralysed by Grinder for 3 turns
  7146 | D:6      | Paralysed by Grinder for 3 turns
  7160 | D:6      | Paralysed by Grinder for 3 turns
  7164 | D:6      | Killed Grinder
  7164 | D:6      | Reached skill level 5 in Spellcasting
  7430 | D:7      | Reached skill level 5 in Dodging
  7500 | D:7      | Killed Dowan
  7517 | D:7      | Killed Duvessa
  7897 | D:7      | Killed Joseph
  7982 | Temple   | Entered the Ecumenical Temple
  8600 | D:7      | Reached *** piety under Okawaru
  9415 | D:8      | Found an ornate altar of the Wu Jian Council.
  9640 | D:4      | Bought the +1 cloak of Lies {rC+ Slay+2 Stlth+} for 381
                  | gold pieces
 10049 | D:8      | Reached XP level 10. HP: 83/83 MP: 18/18
 10091 | D:8      | Noticed a two-headed ogre
 10106 | D:8      | Killed a two-headed ogre
 10436 | D:9      | Noticed a two-headed ogre
 10459 | D:9      | Killed a two-headed ogre
 10459 | D:9      | Reached **** piety under Okawaru
 10693 | D:9      | Noticed a moth of wrath
 10701 | D:9      | Found a bloodstained altar of Trog.
 10701 | D:9      | Noticed highc0's ghost (journeyman HuWr)
 10703 | D:9      | Found a transporter.
 10713 | D:9      | Noticed a cyclops
 10718 | D:9      | Found a transporter.
 10722 | D:9      | Noticed a two-headed ogre
 10955 | D:10     | Entered Level 10 of the Dungeon
 11197 | D:10     | Reached skill level 5 in Invocations
 11210 | D:10     | Reached skill level 5 in Stealth
 11293 | D:10     | Found a runed translucent door.
 11293 | D:10     | Found a shimmering altar of Xom.
 11293 | D:10     | Noticed a +2 hand axe of chaos
 11293 | D:10     | Noticed Sphyrna's ghost (journeyman GrEE)
 11432 | D:10     | Found a staircase to the Orcish Mines.
 11531 | D:10     | Found Gooshrig's Food Emporium.
 11870 | Lair:1   | Entered Level 1 of the Lair of Beasts
 11871 | Lair:1   | Found a shimmering blue altar of Sif Muna.
 11910 | Lair:1   | Noticed a spiny frog
 11929 | Lair:1   | Killed a spiny frog
 11929 | Lair:1   | Reached ***** piety under Okawaru
 12076 | Lair:1   | Noticed a spiny frog
 12098 | Lair:1   | Killed a spiny frog
 12098 | Lair:1   | Reached skill level 5 in Short Blades
 12098 | Lair:1   | Reached XP level 11. HP: 92/92 MP: 20/20
 12638 | Lair:1   | Noticed a five-headed hydra
 12720 | Lair:1   | HP: 3/92 [five-headed hydra (8)]
 12743 | Lair:1   | HP: 1/92 [five-headed hydra (8)]
 12746 | Lair:1   | Mangled by a five-headed hydra

Levels and vault maps discovered:
D:1:      lemuel_arrival_hallway, layout_loops_ring, minmay_unequal
D:2:      layout_loops_ring, gammafunk_temple_overflow_forgotten,
          tso_oasis_becter, chequers_ecumenical_altar_grove, uniq_sigmund
D:3:      layout_basic, kennysheep_donut, serial_park_tiny_2,
          hangedman_decor_diamond_cutter, kennysheep_crisscross
D:4:      layout_loops_cross, lemuel_zombie_altar_yredelemnul, first_ration,
          serial_shops, shop, shop
D:5:      layout_loops_ring
D:6:      layout_loops_ring, uniq_grinder
D:7:      layout_rooms, minmay_temple_entry_statues_fountains, uniq_joseph,
          uniq_duvessa
D:8:      layout_layer_cave, lemuel_doored_altar
D:9:      layout_loops_ring, lemuel_crystal_altar, lair_entry_dummy,
          gammafunk_ghost_wrathful_warriors
D:10:     layout_grid_maze, orc_0_dummy, ebering_ghost_xom, serial_shops, shop,
          hangedman_fish_farm
Temple:   regret_index_temple_generic_petals
Lair:1:   layout_cave_pods, basic_altar

Skill      XL: |  1  2  3  4  5  6  7  8  9 10 |
---------------+-------------------------------+-----
Dodging        | 2 3 4 5 6 |  6.3
Fighting       | 1 2 3 4 5 6 7 |  7.2
Spellcasting   | 3 4 5 6 |  6.3
Shields        | 1 2 3 4 |  4.0
Conjurations   | 5 6 7 |  7.7
Stealth        | 2 3 4 5 |  5.4
Short Blades   | 2 3 5 |  5.2
Invocations    | 2 3 5 |  5.5
Evocations     | 2 3 4 |  4.9

Action                   |  1- 3 |  4- 6 |  7- 9 | 10-12 || total
-------------------------+-------+-------+-------+-------++-------
Melee: Unarmed           |    22 |       |       |       ||    22
       Tailslap          |    10 |    47 |   135 |    46 ||   238
       Dagger            |    94 |   339 |   739 |   354 ||  1526
Throw: Dart              |       |    17 |     4 |     1 ||    22
 Cast: Magic Dart        |    30 |    72 |       |       ||   102
  Use: Scroll            |       |     5 |       |     4 ||     9
 Stab: Sleeping          |     3 |     6 |     7 |     6 ||    22
       Distracted        |       |       |       |     1 ||     1
  Eat: Chunk             |     2 |    12 |    12 |     7 ||    33
       Ration            |       |       |     1 |     1 ||     2
Armor: Skin              |    59 |    89 |   149 |    83 ||   380
Dodge: Dodged            |    86 |   209 |   416 |   268 ||   979
Block: Buckler           |       |    41 |   342 |   187 ||   570
       Reflection        |       |       |     2 |     1 ||     3

Table legend:
 A = Non-vault XP
 B = Vault XP
 C = Vault XP percentage of total XP
 D = Non-vault monster count
 E = Vault monster count
 F = Vault count percentage of total count
                 A         B        C        D         E       F
            +---------+---------+-------+---------+---------+-------
      Total |   11170 |    1465 |  11.6 |     215 |      11 |   4.9
            +---------+---------+-------+---------+---------+-------
        D:1 |      27 |       5 |  15.6 |      16 |       3 |  15.8
        D:2 |     156 |     223 |  58.8 |      31 |       1 |   3.1
        D:3 |      99 |       0 |   0.0 |      25 |       0 |   0.0
        D:4 |      65 |       4 |   5.8 |      10 |       2 |  16.7
        D:5 |     667 |       0 |   0.0 |      20 |       0 |   0.0
        D:6 |     613 |     272 |  30.7 |      14 |       1 |   6.7
        D:7 |    1018 |     691 |  40.4 |      23 |       3 |  11.5
        D:8 |    1715 |       0 |   0.0 |      21 |       0 |   0.0
        D:9 |    2406 |       0 |   0.0 |      17 |       0 |   0.0
       D:10 |    1764 |     270 |  13.3 |      25 |       1 |   3.8
     Lair:1 |    2640 |       0 |   0.0 |      13 |       0 |   0.0
            +---------+---------+-------+---------+---------+-------
